 Dungeon Crawl Stone Soup version 0.26.1-11-gd32895ea62 (webtiles) character file.

Game seed: 11327758781798789063

56 Zeld the Sneak (level 3, 0/24 HPs)
             Began as an Octopode Brigand on May 15, 2021.
             Succumbed to an adder's poison
             ... on level 1 of the Dungeon.
             The game lasted 00:02:41 (1267 turns).

Zeld the Sneak (Octopode Brigand)                   Turns: 1267, Time: 00:02:41

Health: 0/24       AC:  1    Str: 11    XL:     3   Next: 97%
Magic:  5/5        EV: 13    Int: 13    God:
Gold:   23         SH:  0    Dex: 13    Spells: 5/5 levels left

rFire    . . .     SeeInvis .   a - +2 dagger
rCold    . . .     Faith    .   (no shield)
rNeg     . . .     Spirit   .   (helmet restricted)
rPois    .         Reflect  .   (no amulet)
rElec    .         Harm     .   (no ring)
rCorr    .         Rampage  .   (no ring)
Will     .....                  (no ring)
Stlth    ++++......             (no ring)
HPRegen  0.08/turn              (no ring)
MPRegen  0.09/turn              (no ring)
                                (no ring)
                                (no ring)

@: lethally poisoned (0 -> -3)
A: almost no armour, stealthy swim, amphibious, 8 rings, constrict 8, camouflage
1, gelatinous body 1
a: no special abilities


You were on level 1 of the Dungeon.
You visited 1 branch of the dungeon, and saw 2 of its levels.

You collected 23 gold pieces.

Inventory:

Hand Weapons
 a - a +2 dagger (weapon)
Missiles
 b - 8 poisoned darts (quivered)
 c - 2 curare-tipped darts
Scrolls
 e - a scroll of teleportation {unknown}
Potions
 d - a potion of lignification {unknown}


   Skills:
 - Level 2.0 Fighting
 - Level 2.0 Short Blades
 * Level 3.6 Throwing
 - Level 1.0 Dodging
 - Level 5.3 Stealth
 + Level 1.5 Spellcasting


You had 5 spell levels left.
You didn't know any spells.
Your spell library was empty.

Dungeon Overview and Level Annotations

Branches:
Dungeon (2/15)

Altars:
Hepliaklqana


Innate Abilities, Weirdness & Mutations

You cannot wear most types of armour.
You are very stealthy in the water. (Stealth+)
You are amphibious.
You can wear up to eight rings at the same time.
You can use your tentacles to constrict eight enemies at once.
Your skin changes colour to match your surroundings (Stealth+).
Your rubbery body absorbs attacks. (AC +1, EV +1)


Message History

Okay, then.
* * * LOW HITPOINT WARNING * * *
You feel sick.
There is a lethal amount of poison in your body!
There is a lethal amount of poison in your body!
There is a lethal amount of poison in your body!
There is a lethal amount of poison in your body!
There is a lethal amount of poison in your body!
There is a lethal amount of poison in your body!
There is a lethal amount of poison in your body!
There is a lethal amount of poison in your body!
There is a lethal amount of poison in your body!
There is a lethal amount of poison in your body!
There is a lethal amount of poison in your body!
There is a lethal amount of poison in your body!
* * * LOW HITPOINT WARNING * * *
You feel sick.
* * * LOW HITPOINT WARNING * * *
You feel sick.
You die...

##### #.#...# #...# #.#######
#...# ####.#.....##### #...#
#....#.##......# #...#
#.#..#.##..###.# #...#
###.#..#.#...###.#
#...#######.................
#...##...##.#....###..######
#....#.#.##@#..............#
####....#.#.##..>..............
#...†...#.#.####.....########.#
#.......'.#......#......# #..
#.......############.##+#######
#.......'...................#
#.......############........#
#.......##.........#........#
#.......##.#................#


There were no monsters in sight!

Vanquished Creatures
  2 adders (D:2)
  A dart slug (D:1)
  2 leopard geckos (D:1)
  A ball python (D:1)
  4 bats (D:1)
  2 giant cockroaches (D:1)
  6 goblins (D:1)
  2 hobgoblins (D:1)
  3 frilled lizards (D:1)
  3 kobolds (D:1)
  6 rats (D:1)
32 creatures vanquished.

Notes
Turn   | Place    | Note
-------+----------+-------------------------------------------
     0 | D:1      | Zeld the Octopode Brigand began the quest for the Orb.
     0 | D:1      | Reached XP level 1. HP: 14/14 MP: 1/1
    70 | D:1      | Reached XP level 2. HP: 7/19 MP: 2/2
   403 | D:1      | Reached skill level 1 in Spellcasting
   698 | D:1      | Reached XP level 3. HP: 18/24 MP: 4/4
  1240 | D:2      | Found a hazy altar of Hepliaklqana.
  1260 | D:1      | HP: 1/24 [poisoned by an adder]
  1267 | D:1      | Succumbed to an adder's poison

Illustrated notes

Levels and vault maps discovered:
D:1:      matt_arrival_grand_opening, layout_basic
D:2:      layout_basic, nzn_hepliaklqana_mist_gate,
          nicolae_tso_carved_into_rock, uniq_jessica

Skill      XL: |  1  2 |
---------------+-------+-----
Spellcasting   | 1 |  1.5
Throwing       | 3 |  3.6
Fighting       | |  2.0
Short Blades   | |  2.0
Dodging        | |  1.0
Stealth        | |  5.3

Action                   || total
-------------------------++-------
Melee: Dagger            ||    69
       Constrict         ||    19
       Tentacles         ||     6
 Stab: Sleeping          ||     5
       Distracted        ||     1
Armor: Skin              ||     4
Dodge: Dodged            ||    42
